 Dungeon Crawl Stone Soup version 0.18-a0-917-g8a3da5b (webtiles) character file.

1873 filipzpl the Fighter (level 9, 61/61 HPs)
             Began as a Gargoyle Berserker on Dec 25, 2015.
             Was a High Priest of Trog.
             Quit the game on level 7 of the Dungeon on Dec 26, 2015.
             The game lasted 00:14:42 (6219 turns).

filipzpl the Fighter (Gargoyle Berserker)           Turns: 6219, Time: 00:14:42

Health: 61/61      AC: 16    Str: 23    XL:     9   Next: 14%
Magic:  9/9        EV:  8    Int:  9    God:    Trog [*****.]
Gold:   274        SH:  0    Dex:  9    Spells: 0 memorised, 8 levels left

rFire  . . .     SeeInvis .     v - +0 flail
rCold  . . .     Gourm    .     s - +0 chain mail
rNeg   + . .     Faith    .     (no shield)
rPois  ∞         Spirit   .     (no helmet)
rElec  +         Dismiss  .     (no cloak)
rCorr  .         Reflect  .     (no gloves)
SustAt .         Harm     .     u - +1 pair of boots
MR     .....                    (no amulet)
Stlth  ..........               (no ring)
                                (no ring)

@: not resistant to hostile enchantments, extremely unstealthy
A: negative energy resistance 1, electricity resistance, unbreathing,
petrification resistance, rot immunity, AC +5
a: Berserk, Trog's Hand, Brothers in Arms, Burn Spellbooks, Renounce Religion


You were on level 7 of the Dungeon.
You worshipped Trog.
Trog was extremely pleased with you.
You were not hungry.

You visited 1 branch of the dungeon, and saw 7 of its levels.

You collected 274 gold pieces.

Inventory:

Hand Weapons
 a - a +0 mace
 v - a +0 flail (weapon)
Armour
 s - a +0 chain mail (worn)
 u - a +1 pair of boots (worn)
Wands
 w - a wand of cold (15/15)
Scrolls
 e - a scroll of enchant armour
 i - 2 scrolls of magic mapping
 j - a scroll of teleportation
 k - a scroll of identify
 n - a scroll of recharging
 r - 2 scrolls of fog
Potions
 d - 2 potions of curing
 f - a potion of agility {unknown}
 g - 3 potions of invisibility {unknown}
 l - 3 potions of poison {unknown}
 o - 3 potions of lignification {unknown}
 q - 2 potions of cure mutation {unknown}
 t - a potion of heal wounds {unknown}
 x - a potion of brilliance {unknown}
Comestibles
 c - 3 bread rations
 h - a meat ration
 z - a fruit
 A - 2 slices of pizza


   Skills:
 * Level 9.6 Fighting
 * Level 8.7 Maces & Flails
 - Level 2.1 Armour
 - Level 1.5 Dodging


You had 8 spell levels left.
You didn't know any spells.

Dungeon Overview and Level Annotations

Branches:
Dungeon (7/15)             Temple (0/1) D:5

Altars:
Okawaru
Qazlal
Trog
The Shining One

Shops:
D:6 *

Portals:
Ossuary: D:7


Innate Abilities, Weirdness & Mutations

You are resistant to torment.
Your stone body is resilient (AC +5).
You are immune to poison.
You resist negative energy.
You are resistant to electric shocks.
You can survive without breathing.
You are immune to petrification.
You are immune to rotting.


Message History

The giant gecko closely misses you.
You miss the giant gecko.
The giant gecko is lightly wounded.
The giant gecko barely misses you.
You sock the giant gecko!
You kill the giant gecko!
Trog accepts your kill.
No target in view!
There is an escape hatch in the floor here.
You slide downwards.
The hatch slams shut behind you.
You hear the hiss of flowing sand.
There is an entrance to an ossuary on this level.
Hurry and find it before the portal is buried!
A crimson imp comes into view.
Found a sand-covered staircase.
You hear the hiss of flowing sand.
There is an entrance to an ossuary on this level.
Hurry and find it before the portal is buried!
Welcome back, filipzpl the Gargoyle Berserker.
Trog says: Kill them all!
Press ? for a list of commands and other information.
Are you sure you want to abandon this character and quit the game? (Confirm with "yes".)

. ...
...8.####
#..@#
+....#.....#
#.....
∩....#
#.#...
.....# #
##.. #....#
##. 8...# ..
.5..# ..
#####


You could see a crimson imp.

Vanquished Creatures
  Grinder (D:6)
  2 sky beasts (D:6)
  A centaur (D:6)
  2 ogres
  3 giant frogs (D:6)
  A wyvern skeleton (D:6)
  A scorpion (D:5)
  4 wights (D:6)
  A crimson imp (D:6)
  2 hounds
  An orc priest (D:6)
  A giant frog skeleton (D:5)
  2 jellies
  A centaur skeleton (D:4)
  A gnoll shaman (D:6)
  Ijyb (D:3)
  An iguana (D:4)
  2 worker ants (D:4)
  3 orc wizards
  A hound skeleton (D:3)
  10 gnolls
  12 adders
  A shadow imp (D:6)
  4 worms
  5 giant geckos
  12 orcs
  5 bats
  9 giant cockroaches
  10 goblins
  12 hobgoblins
  15 jackals
  3 quokkas
  A ball python (D:1)
  A ball python zombie (D:5)
  3 giant newts
  A jackal skeleton (D:4)
  13 kobolds
  A quokka zombie (D:5)
  13 rats
163 creatures vanquished.

Notes
Turn   | Place    | Note
--------------------------------------------------------------
     0 | D:1      | filipzpl the Gargoyle Berserker began the quest for the Orb.
     0 | D:1      | Reached XP level 1. HP: 14/14 MP: 1/1
   391 | D:1      | Reached XP level 2. HP: 10/19 MP: 2/2
   704 | D:1      | Reached XP level 3. HP: 7/24 MP: 3/3
   979 | D:1      | Reached ** piety under Trog
  1268 | D:2      | Reached skill level 4 in Maces & Flails
  1477 | D:2      | Reached XP level 4. HP: 15/29 MP: 4/4
  2007 | D:2      | You fall through a shaft!
  2091 | D:2      | Found a stormy altar of Qazlal.
  2129 | D:3      | Reached *** piety under Trog
  2274 | D:3      | Reached XP level 5. HP: 26/34 MP: 5/5
  2487 | D:2      | Reached skill level 5 in Fighting
  2822 | D:3      | Noticed Ijyb
  2833 | D:3      | Killed Ijyb
  3043 | D:4      | Reached skill level 5 in Maces & Flails
  3043 | D:4      | Reached XP level 6. HP: 34/40 MP: 6/6
  3098 | D:4      | HP: 1/41 [gnoll/spear (3)]
  3154 | D:4      | HP: 2/61 [gnoll/spear (4)]
  3802 | D:4      | Reached **** piety under Trog
  3802 | D:4      | Reached skill level 6 in Fighting
  4165 | D:5      | Entered Level 5 of the Dungeon
  4187 | D:5      | Found an iron altar of Okawaru.
  4298 | D:5      | Reached XP level 7. HP: 5/47 MP: 7/7
  4747 | D:5      | Found a bloodstained altar of Trog.
  4825 | D:5      | Found a staircase to the Ecumenical Temple.
  5175 | D:6      | Noticed Grinder
  5184 | D:6      | Killed Grinder
  5184 | D:6      | Reached skill level 7 in Fighting
  5206 | D:6      | Reached XP level 8. HP: 32/53 MP: 8/8
  5369 | D:6      | Reached skill level 8 in Fighting
  5426 | D:6      | Found Urireliy's General Store.
  5634 | D:6      | Reached ***** piety under Trog
  5642 | D:6      | Found a glowing golden altar of the Shining One.
  5784 | D:6      | Reached skill level 9 in Fighting
  5797 | D:6      | Reached XP level 9. HP: 34/60 MP: 9/9
  6000 | D:6      | Received a gift from Trog
  6218 | D:7      | Found a sand-covered staircase.
  6219 | D:7      | Upgraded the game from 0.18-a0-912-g81d1dc4 to 0.18-a0-917-g8a3da5b
  6219 | D:7      | Quit the game

Vault maps used:
D:1:      mainiacjoe_arrival_reflecting_pool
D:2:      nicolae_overflow_hidden_temple, minmay_quantized
D:3:      uniq_iyjb
D:5:      okawaru_trees_1, kennysheep_little_box, minmay_temple_entry_mist,
          gup_sewer_entry_spiral, first_bread
D:6:      tso_oasis_becter, serial_shops, kennysheep_mini, uniq_grinder
D:7:      nicolae_ru_the_path_less_chosen, nemelex_xobeh_ov_fountains_minmay,
          basic_altar, lightli_ossuary_entry_decrepit_ruins, grunt_livestock,
          uniq_duvessa

Action                   |  1- 3 |  4- 6 |  7- 9 || total
-------------------------+-------+-------+-------++-------
Melee: Mace              |   128 |   219 |       ||   347
       Flail             |       |    59 |   248 ||   307
Invok: Berserk           |       |     1 |     3 ||     4
  Use: Scroll            |       |       |    10 ||    10
  Eat: Meat ration       |       |     2 |     1 ||     3
       Beef jerky        |       |     1 |       ||     1
       Fruit             |       |       |     2 ||     2
       Bread ration      |       |       |     1 ||     1
